 Dungeon Crawl Stone Soup version 0.18-b1-2-gd0c887e (webtiles) character file.

18276 dobroeutro the Basher (level 12, -4/76 HPs)
             Began as a Gargoyle Fighter on Apr 28, 2016.
             Was the Champion of Okawaru.
             Slain by a minotaur
             ... wielding a +8 rod of inaccuracy (1/9)
              (15 damage)
             ... in a labyrinth.
             The game lasted 00:30:14 (13202 turns).

dobroeutro the Basher (Gargoyle Fighter)           Turns: 13202, Time: 00:30:16

Health: -4/76      AC: 31    Str: 28    XL:     12   Next: 56%
Magic:  9/12       EV: 15    Int:  9    God:    Okawaru [******]
Gold:   334        SH: 14    Dex: 11    Spells: 0 memorised, 11 levels left

rFire  + . .     SeeInvis .     y - +3 mace (protect)
rCold  + . .     Gourm    .     P - +3 scale mail {rF+}
rNeg   + . .     Faith    .     c - +0 shield
rPois  ∞         Spirit   .     x - +1 hat
rElec  +         Dismiss  .     E - +1 cloak {MR+}
rCorr  .         Reflect  .     (no gloves)
SustAt .         Harm     .     (no boots)
MR     +....     Clarity  +     (no amulet)
Stlth  +.........               n - +5 ring of strength
                                l - ring of protection from cold

@: heroism, somewhat resistant to hostile enchantments, very unstealthy
A: antennae 1, icy blue scales 1, blink, blurry vision 1, clarity, mutation
resistance 1, negative energy resistance 1, electricity resistance, unbreathing,
petrification resistance, rot immunity, AC +8
a: Blink, Heroism, Finesse, Renounce Religion


You were in a labyrinth.
You worshipped Okawaru.
Okawaru was exalted by your worship.
You were hungry.

You visited 1 branch of the dungeon, and saw 13 of its levels.
You also visited: Labyrinth.

You collected 896 gold pieces.
You spent 562 gold pieces at shops.

Inventory:

Hand Weapons
 y - a +3 mace of protection (weapon)
 F - a +1 flail of crushing
 I - the +5 dagger "Giantbane" {elec, MR+}
   (You found it on level 11 of the Dungeon)

   Occasionally, upon striking a foe, it will discharge some electrical energy
   and cause terrible harm.
   It affects your resistance to hostile enchantments.
Armour
 b - the +3 scale mail of the Lost Path {rPois MR+++ Regen+ Dex-2}
   (You bought it in a shop on level 10 of the Dungeon)

   It affects your dexterity (-2).
   It protects you from poison.
   It affects your resistance to hostile enchantments.
   It increases your rate of regeneration.
 c - a +0 shield (worn)
 x - a +1 hat (worn)
 E - a +1 cloak of magic resistance (worn)
 O - the +5 scale mail of the Earth {*Corrode +Inv rN+++}
   (You found it in a labyrinth)

   It renders you almost immune to negative energy.
   It lets you turn invisible.
   It may corrode you when you take damage.
 P - a +3 scale mail of fire resistance (worn)
Jewellery
 a - the amulet "Ocuumozo" {+Inv rPois Regen+ Slay-5 Stlth+}
   (You found it on level 5 of the Dungeon)

   [amulet of regeneration]

   It affects your accuracy and damage with ranged weapons and melee attacks
   (-5).
   It protects you from poison.
   It lets you turn invisible.
   It increases your rate of regeneration.
   It makes you more stealthy.
 l - a ring of protection from cold (left hand)
 n - a +5 ring of strength (right hand)
Wands
 G - a wand of polymorph (20/24)
Scrolls
 e - 8 scrolls of identify
 j - 3 scrolls of blinking
 r - a scroll of enchant weapon
 s - 3 scrolls of teleportation
 u - 7 scrolls of remove curse
 v - 3 scrolls of enchant armour
 w - 3 scrolls of magic mapping
 B - a scroll of torment
 H - 2 scrolls of immolation
 J - a scroll of fog
 L - a scroll of noise
Potions
 d - 2 potions of might
 i - a potion of agility
 m - 2 potions of ambrosia
 o - 2 potions of magic
 q - a potion of haste
 t - 2 potions of berserk rage {unknown}
 z - a potion of brilliance
 A - a potion of resistance
 C - a potion of flight
 D - 3 potions of cure mutation
 K - a potion of cancellation {unknown}
 N - 4 potions of curing
Books
 M - a book of Spatial Translocations

   Spells                             Type                      Level
   a - Apportation                    Translocation                1
   b - Blink                          Translocation                2
   c - Shroud of Golubria             Charms/Translocation         2
   d - Portal Projectile              Translocation                3
   e - Teleport Other                 Translocation                3
   f - Passage of Golubria            Translocation                4
Comestibles
 g - 7 beef jerkies
 h - 13 fruits
 k - 6 meat rations
 p - 9 slices of pizza


   Skills:
 + Level 9.0(14.0) Fighting
 + Level 13.3(18.3) Maces & Flails
 + Level 9.1(14.1) Armour
 + Level 6.4(11.4) Dodging
 + Level 8.9(13.9) Shields


You had 11 spell levels left.
You didn't know any spells.

Dungeon Overview and Level Annotations

Branches:
Dungeon (13/15)            Temple (0/1) D:7            Lair (0/8) D:8
    Orc (0/2) D:9
 Vaults: D:13-14

Altars:
Elyvilon
Gozag
Kikubaaqudgha
Nemelex Xobeh
Okawaru
Pakellas
Sif Muna
Vehumet
Xom
Yredelemnul
Zin
The Shining One
Beogh

Shops:
D:4 :   D:10 *[   D:11 !

Annotations:
D:7 exclusion: statue


Innate Abilities, Weirdness & Mutations

You are resistant to torment.
Your stone body is resilient (AC +8).
You are immune to poison.
You resist negative energy.
You are resistant to electric shocks.
You can survive without breathing.
You are immune to petrification.
You are immune to rotting.
You have a pair of small antennae on your head.
You are partially covered in icy blue scales (AC +1).
You can translocate small distances at will.
Scrolls take you a little longer to read.
You possess an exceptional clarity of mind.
You are somewhat resistant to further mutation.


Message History

The minotaur hits you but does no damage.
The minotaur gores you but does no damage.
You sock the minotaur!
The minotaur is severely wounded.
You block the minotaur's attack. The minotaur gores you.
You hit the minotaur.
The minotaur is severely wounded.
The minotaur hits you but does no damage.
You block the minotaur's attack. The minotaur completely misses you.
The minotaur gores you.
* * * LOW HITPOINT WARNING * * *
You are too injured to fight recklessly!
You are too injured to fight recklessly!
You gain the combat prowess of a mighty hero.
You are feeling hungry.
The minotaur hits you with a rod of inaccuracy.
* * * LOW HITPOINT WARNING * * *
You block the minotaur's attack.
The minotaur hits you with a rod of inaccuracy!
You die...

P.. P. P.
.## # ..#.#
###.#.#.#.#
#.#W......#
####
#####.#H# .
#.#...@.#
### # ####
.#.###.# .
. #. ....#
..# # #
###.## ###
.#.#.# #.#
# . . .#.#
## ..# ..
#∩. .#.
#### #. .


You could see a minotaur and a hungry ghost.

Vanquished Creatures
  A hydra (D:11)
  3 unseen horrors
  Pikel (D:5)
  2 hill giants (D:11)
  An ugly thing (D:12)
  A cyclops (D:11)
  A centaur skeleton (D:10)
  2 kobold demonologists (D:12)
  5 trolls
  2 two-headed ogres
  8 slime creatures
  A shadow (Lab)
  A yak (D:7)
  2 wraiths
  3 basilisks (Lab)
  A wyvern (D:8)
  A human (D:7)
  8 hungry ghosts
  Edmund (D:5)
  A mottled dragon (D:12)
  Duvessa (D:6)
  6 ice beasts
  A phantom (D:12)
  A wasp (D:9)
  4 orc warriors
  2 eyes of draining
  5 sky beasts
  5 ogres
  9 centaurs
  The ghost of dobroeutro the Cudgeler, an amateur GrFi (D:3)
  2 big kobolds
  Blork the orc (D:5)
  An earth elemental (Lab)
  A gnoll sergeant (D:10)
  7 giant frogs
  Dowan (D:6)
  A wyvern zombie (D:13)
  2 scorpions
  A water moccasin skeleton (D:11)
  9 killer bees
  8 wights
  4 howler monkeys (D:7)
  10 crimson imps
  4 quasits
  2 centaur zombies
  A giant frog skeleton (D:9)
  A jelly (D:8)
  6 orc priests
  7 hounds
  4 iguanas
  19 orc wizards
  10 worker ants
  3 sheep (D:7)
  A hound skeleton (D:5)
  A worker ant zombie (D:11)
  Robin (D:2)
  11 gnolls
  15 adders
  2 shadow imps
  An ooze (D:1)
  An adder skeleton (D:9)
  6 worms
  5 dart slugs
  5 giant geckos
  48 orcs
  8 giant cockroaches
  14 goblins
  9 hobgoblins
  7 jackals
  16 kobolds
  6 quokkas
  A ball python (D:2)
  11 bats
  2 giant cockroach zombies
  A giant gecko skeleton (D:8)
  10 giant newts
  A jackal zombie (D:5)
  12 rats
381 creatures vanquished.

Vanquished Creatures (others)
  An adder (D:5)
  4 toadstools (D:1)
5 creatures vanquished.

Grand Total: 386 creatures vanquished

Notes
Turn   | Place    | Note
--------------------------------------------------------------
     0 | D:1      | dobroeutro the Gargoyle Fighter began the quest for the Orb.
     0 | D:1      | Reached XP level 1. HP: 14/14 MP: 1/1
    74 | D:1      | Reached XP level 2. HP: 15/19 MP: 2/2
   220 | D:1      | Reached skill level 3 in Maces & Flails
   260 | D:1      | Reached XP level 3. HP: 19/23 MP: 3/3
   806 | D:2      | Reached skill level 4 in Maces & Flails
   862 | D:2      | Reached XP level 4. HP: 28/28 MP: 4/4
   936 | D:2      | Found a basalt altar of Yredelemnul.
  1117 | D:2      | Found a glowing silver altar of Zin.
  1456 | D:3      | Found an iron altar of Okawaru.
  1469 | D:3      | Reached skill level 5 in Maces & Flails
  1469 | D:3      | Reached XP level 5. HP: 31/32 MP: 5/5
  1809 | D:3      | Noticed Robin
  2053 | D:2      | Killed Robin
  2190 | D:3      | Became a worshipper of Warmaster Okawaru
  2277 | D:3      | Reached skill level 6 in Maces & Flails
  2326 | D:2      | Reached XP level 6. HP: 24/37 MP: 6/6
  2390 | D:3      | Noticed dobroeutro's ghost (amateur GrFi)
  2403 | D:3      | Killed dobroeutro's ghost
  2413 | D:3      | Reached skill level 7 in Maces & Flails
  2677 | D:3      | Reached * piety under Okawaru
  2939 | D:4      | Reached XP level 7. HP: 30/41 MP: 7/7
  3201 | D:4      | Reached skill level 8 in Maces & Flails
  3513 | D:4      | You fall through a shaft!
  3513 | D:5      | Entered Level 5 of the Dungeon
  3598 | D:5      | Gained mutation: You are somewhat resistant to further mutation. [mutagenic meat]
  3599 | D:5      | Gained mutation: Scrolls take you a little longer to read. [mutagenic meat]
  3602 | D:5      | Gained mutation: You can translocate small distances at will. [mutagenic meat]
  3603 | D:5      | Gained mutation: You are partially covered in icy blue scales (AC +1). [mutagenic meat]
  3606 | D:5      | Got a bound brass amulet
  3610 | D:5      | Noticed Blork the orc
  3668 | D:4      | Identified the amulet "Ocuumozo" {+Inv rPois Regen+ Slay-5 Stlth+} (You found it on level 5 of the Dungeon)
  3694 | D:4      | Found a sparkling altar of Nemelex Xobeh.
  3718 | D:4      | Found Xuomn's Book Boutique.
  3898 | D:5      | Reached skill level 9 in Maces & Flails
  3898 | D:5      | Reached XP level 8. HP: 42/46 MP: 8/8
  3977 | D:5      | Noticed Pikel
  4018 | D:5      | Killed Pikel
  4018 | D:5      | Reached ** piety under Okawaru
  4018 | D:5      | Reached *** piety under Okawaru
  4018 | D:5      | Reached skill level 10 in Maces & Flails
  4150 | D:5      | Noticed Edmund
  4182 | D:5      | Killed Edmund
  4615 | D:5      | Reached skill level 11 in Maces & Flails
  4615 | D:5      | Reached XP level 9. HP: 51/51 MP: 9/9
  4620 | D:5      | Killed Blork the orc
  4781 | D:6      | Noticed Duvessa
  4781 | D:6      | Noticed Dowan
  4791 | D:6      | Killed Duvessa
  4804 | D:6      | Killed Dowan
  4804 | D:6      | Reached skill level 1 in Dodging
  4870 | D:6      | Found a white marble altar of Elyvilon.
  4877 | D:6      | Found an ancient bone altar of Kikubaaqudgha.
  5062 | D:6      | Reached **** piety under Okawaru
  5398 | D:6      | Found an oddly glowing altar of Pakellas.
  5569 | D:6      | Found a shimmering altar of Xom.
  5636 | D:7      | Found a staircase to the Ecumenical Temple.
  5685 | D:7      | Found a radiant altar of Vehumet.
  6214 | D:7      | Reached skill level 5 in Armour
  6650 | D:7      | Reached skill level 5 in Fighting
  6669 | D:7      | Reached XP level 10. HP: 57/59 MP: 10/10
  6868 | D:8      | Reached skill level 5 in Shields
  6875 | D:8      | Reached ***** piety under Okawaru
  7041 | D:8      | Gained mutation: Scrolls take you longer to read. [mutagenic meat]
  7043 | D:8      | Lost mutation: Scrolls take you longer to read. [mutagenic meat]
  7171 | D:8      | Found a staircase to the Lair.
  7183 | D:8      | Reached skill level 12 in Maces & Flails
  7298 | D:8      | Received a gift from Okawaru
  7505 | D:8      | Found an opulent altar of Gozag.
  7731 | D:8      | Found a glowing golden altar of the Shining One.
  7954 | D:9      | Identified a scroll of acquirement
  8133 | D:9      | Found a staircase to the Orcish Mines.
  8154 | D:9      | Found a roughly hewn altar of Beogh.
  8721 | D:9      | Gained mutation: You have a pair of small antennae on your head. [mutagenic meat]
  8733 | D:9      | Gained mutation: Your large and strong wings let you fly indefinitely. [mutagenic meat]
  8822 | D:9      | Found a deep blue altar of Sif Muna.
  8888 | D:10     | Entered Level 10 of the Dungeon
  9095 | D:10     | Found Cufush's General Store.
  9142 | D:10     | Reached XP level 11. HP: 58/66 MP: 11/11
  9151 | D:10     | Gained mutation: You possess an exceptional clarity of mind. [potion of beneficial mutation]
  9174 | D:10     | Found Muigok's Armour Emporium.
  9185 | D:10     | Bought the +3 scale mail of the Lost Path {rPois MR+++ Regen+ Dex-2} for 409 gold pieces
  9637 | D:11     | Noticed a cyclops
  9649 | D:11     | Killed a cyclops
  9732 | D:11     | Noticed a hill giant
  9760 | D:11     | Killed a hill giant
 10101 | D:11     | Reached skill level 5 in Dodging
 10447 | D:11     | Found Nyetz's Distillery.
 10455 | D:11     | Bought a potion of curing for 54 gold pieces
 10455 | D:11     | Bought a potion of mutation for 45 gold pieces
 10455 | D:11     | Bought a potion of curing for 54 gold pieces
 10455 | D:11     | Lost mutation: Your large and strong wings let you fly indefinitely. [potion of mutation]
 10522 | D:11     | Noticed a seven-headed hydra
 10532 | D:11     | Killed a seven-headed hydra
 10532 | D:11     | Received a gift from Okawaru
 10550 | D:11     | Noticed a hill giant
 10560 | D:11     | Killed a hill giant
 10706 | D:11     | Got a smoking dagger
 10707 | D:11     | Identified the +5 dagger "Giantbane" {elec, MR+} (You found it on level 11 of the Dungeon)
 10922 | D:12     | Noticed a manticore
 11017 | D:12     | Noticed a sixfirhy
 11046 | D:12     | Noticed a sun demon
 11429 | D:12     | Noticed a cyan ugly thing
 11448 | D:12     | Killed a cyan ugly thing
 11448 | D:12     | Reached skill level 13 in Maces & Flails
 11448 | D:12     | Reached XP level 12. HP: 59/74 MP: 12/12
 12270 | D:13     | Found a labyrinth entrance.
 12295 | Lab      | Entered a labyrinth
 12863 | Lab      | Reached ****** piety under Okawaru
 12873 | Lab      | Got a transparent scale mail
 12922 | Lab      | Identified the +5 scale mail of the Earth {*Corrode +Inv rN+++} (You found it in a labyrinth)
 12958 | Lab      | Found an exit through the horrors of the Abyss.
 13138 | Lab      | Found an exit through the horrors of the Abyss.
 13184 | Lab      | Noticed a minotaur
 13202 | Lab      | Identified a +8 rod of inaccuracy (1/9)
 13202 | Lab      | Slain by a minotaur

Skill      XL: |  1  2  3  4  5  6  7  8  9 10 11 12 |
---------------+-------------------------------------+-----
Maces & Flails | 3 4 5 6 7 9 11 12 13 | 13.3
Dodging        | 2 4 5 6 |  6.4
Fighting       | 5 6 8 9 |  9.0
Armour         | 5 6 8 9 |  9.1
Shields        | 4 6 7 8 |  8.9

Action                   |  1- 3 |  4- 6 |  7- 9 | 10-12 || total
-------------------------+-------+-------+-------+-------++-------
Melee: Flail             |   170 |   318 |    22 |       ||   510
       Mace              |       |       |   502 |  1275 ||  1777
Invok: Heroism           |       |       |       |     9 ||     9
  Use: Potion            |       |     1 |     1 |     4 ||     6
       Scroll            |       |       |       |    29 ||    29
  Eat: Chunk             |       |     3 |    14 |    34 ||    51
       Bread ration      |       |     1 |     1 |     7 ||     9
Armor: Scale mail        |   122 |   293 |   271 |   693 ||  1379
Dodge: Dodged            |    75 |   157 |   146 |   432 ||   810
Block: Shield            |    97 |   221 |   234 |   668 ||  1220
